[ AOE2 MATCH · #506416835 ]
UnrankedTurks vs Saracens
Player's team · WIN
Rival team · LOSS
[ REPLAY ANALYSIS · EXTRACTED FROM THE RECORDED GAME ]
Feudal
10:08
Castle
29:25
Imperial
50:34
| APM avg | 92.6 |
| APM peak | 201 |
| eAPM avg | 58.8 |
| Villagers / military | 137 / 328 |
Focus
⚔️ 47.5% · 🌾 52.5%
Scout Cavalry ×194 · Skirmisher ×54 · Hand Cannoneer ×27 · Camel Scout ×9 · Knight ×8 · Battering Ram ×7
Feudal
11:30
Castle
30:37
Imperial
58:23
| APM avg | 35.1 |
| APM peak | 56 |
| eAPM avg | 19.5 |
| Villagers / military | 145 / 183 |
Focus
⚔️ 31.1% · 🌾 68.9%
Mameluke ×39 · Scout Cavalry ×35 · Skirmisher ×31 · Spearman ×24 · Archer ×21 · Cavalry Archer ×15
Match map
Initial resources + every placement click. Lines = walls · curves = elevation contours. ◆ gold · ⬟ stone · ● berries · ✦ relic · ◌ wall gap
Your base· ✓ Closed at 29:25 · 55t walls · no gate
qaz1227's base· ✓ Closed at 30:37 · 24t walls · 3 gate(s)
Smoothed initial terrain · ◌ = detected wall gap · hover for details
Inputs per minute
— OaRMäR - - qaz1227
Build order — OaRMäR
First 150 of 745 actions detected
| 0:00 | Queue | Villager (Male) |
| 0:01 | Queue | Villager (Male) |
| 0:01 | Queue | Villager (Male) |
| 0:02 | Build | House |
| 0:04 | Build | House |
| 0:22 | Queue | Villager (Male) |
| 1:27 | Queue | Villager (Male) |
| 1:28 | Queue | Villager (Male) |
| 1:51 | Build | Lumber Camp |
| 1:59 | Queue | Villager (Male) |
| 2:00 | Queue | Villager (Male) |
| 2:16 | Queue | Villager (Male) |
| 2:16 | Queue | Villager (Male) |
| 2:40 | Build | House |
| 2:45 | Queue | Villager (Male) |
| 2:45 | Queue | Villager (Male) |
| 3:03 | Queue | Villager (Male) |
| 3:04 | Queue | Villager (Male) |
| 4:00 | Queue | Villager (Male) |
| 4:00 | Queue | Villager (Male) |
| 4:01 | Queue | Villager (Male) |
| 4:05 | Build | Mill |
| 4:31 | Build | Palisade Wall |
| 4:48 | Queue | Villager (Male) |
| 4:48 | Queue | Villager (Male) |
| 5:03 | Queue | Villager (Male) |
| 5:03 | Queue | Villager (Male) |
| 5:14 | Build | House |
| 5:52 | Queue | Villager (Male) |
| 5:52 | Queue | Villager (Male) |
| 5:58 | Build | House |
| 6:28 | Build | Palisade Wall |
| 6:42 | Build | Palisade Wall |
| 6:44 | Queue | Villager (Male) |
| 6:48 | Research | Loom |
| 7:25 | Queue | Villager (Male) |
| 7:32 | Build | Palisade Wall |
| 7:58 | Research | Feudal Age |
| 7:58 | Research | Feudal Age |
| 8:23 | Build | Palisade Wall |
| 8:38 | Build | Barracks |
| 9:22 | Build | House |
| 10:05 | Queue | Villager (Male) |
| 10:08 | Age | Feudal Age |
| 10:14 | Build | Stable |
| 10:24 | Research | Double-Bit Axe |
| 10:34 | Queue | Villager (Male) |
| 10:37 | Queue | Spearman |
| 10:47 | Build | Palisade Wall |
| 10:48 | Build | Palisade Wall |
| 10:56 | Build | House |
| 10:59 | Queue | Villager (Male) |
| 11:13 | Queue | Scout Cavalry |
| 11:14 | Queue | Scout Cavalry |
| 11:23 | Queue | Villager (Male) |
| 11:23 | Queue | Villager (Male) |
| 11:24 | Queue | Spearman |
| 11:30 | Build | Palisade Wall |
| 11:40 | Queue | Villager (Male) |
| 11:43 | Build | Mill |
| 12:00 | Build | Farm |
| 12:24 | Queue | Scout Cavalry |
| 12:35 | Build | Archery Range |
| 12:41 | Build | House |
| 12:42 | Build | Palisade Wall |
| 12:44 | Queue | Villager (Male) |
| 12:47 | Build | Farm |
| 13:04 | Queue | Villager (Male) |
| 13:10 | Build | Mining Camp |
| 13:16 | Queue | Villager (Male) |
| 13:19 | Queue | Villager (Male) |
| 13:38 | Queue | Villager (Male) |
| 13:39 | Queue | Skirmisher |
| 13:49 | Queue | Villager (Male) |
| 13:51 | Build | Farm |
| 14:06 | Build | Farm |
| 14:11 | Queue | Archer |
| 14:26 | Queue | Villager (Male) |
| 14:30 | Build | Farm |
| 14:40 | Build | Farm |
| 15:02 | Queue | Archer |
| 15:03 | Queue | Archer |
| 15:05 | Queue | Villager (Male) |
| 15:38 | Queue | Villager (Male) |
| 15:45 | Build | Blacksmith |
| 15:51 | Queue | Archer |
| 16:08 | Build | Watch Tower |
| 16:15 | Research | Bloodlines |
| 16:16 | Research | Bloodlines |
| 16:16 | Queue | Villager (Male) |
| 16:21 | Build | Mining Camp |
| 16:59 | Queue | Scout Cavalry |
| 17:02 | Build | House |
| 17:04 | Research | Fletching |
| 17:04 | Research | Fletching |
| 17:05 | Queue | Archer |
| 17:15 | Queue | Skirmisher |
| 17:40 | Queue | Skirmisher |
| 17:41 | Queue | Scout Cavalry |
| 17:41 | Queue | Scout Cavalry |
| 17:44 | Build | Farm |
| 17:48 | Build | Lumber Camp |
| 17:51 | Queue | Villager (Male) |
| 17:52 | Queue | Villager (Male) |
| 18:06 | Queue | Skirmisher |
| 18:28 | Build | Watch Tower |
| 19:04 | Queue | Skirmisher |
| 19:05 | Queue | Skirmisher |
| 19:06 | Queue | Scout Cavalry |
| 19:29 | Queue | Villager (Male) |
| 19:30 | Queue | Villager (Male) |
| 19:47 | Queue | Skirmisher |
| 20:00 | Build | Watch Tower |
| 20:02 | Queue | Skirmisher |
| 20:03 | Queue | Skirmisher |
| 20:03 | Queue | Skirmisher |
| 20:40 | Research | Padded Archer Armor |
| 20:41 | Research | Padded Archer Armor |
| 20:45 | Build | House |
| 21:12 | Queue | Scout Cavalry |
| 21:13 | Queue | Scout Cavalry |
| 21:16 | Build | Farm |
| 21:31 | Build | Watch Tower |
| 21:47 | Queue | Scout Cavalry |
| 21:54 | Build | Watch Tower |
| 22:09 | Queue | Villager (Male) |
| 22:11 | Build | Stable |
| 22:15 | Build | Farm |
| 22:15 | Build | Farm |
| 22:16 | Build | Farm |
| 22:16 | Build | Farm |
| 22:16 | Build | Farm |
| 22:16 | Build | Farm |
| 22:17 | Build | Farm |
| 22:17 | Build | Farm |
| 22:17 | Build | Farm |
| 22:17 | Build | Farm |
| 22:18 | Build | Farm |
| 22:18 | Build | Farm |
| 22:18 | Build | Farm |
| 22:18 | Build | Farm |
| 22:20 | Build | Mill |
| 22:38 | Queue | Villager (Male) |
| 22:38 | Queue | Villager (Male) |
| 22:41 | Build | Lumber Camp |
| 22:47 | Build | Market |
| 22:50 | Build | Mining Camp |
| 23:06 | Queue | Villager (Male) |
| 23:18 | Queue | Skirmisher |
| 23:19 | Queue | Skirmisher |
Build order — qaz1227
First 150 of 503 actions detected
| 0:01 | Queue | Villager (Male) |
| 0:01 | Queue | Villager (Male) |
| 0:02 | Build | House |
| 0:04 | Build | House |
| 0:20 | Queue | Villager (Male) |
| 0:30 | Queue | Villager (Male) |
| 1:24 | Queue | Villager (Male) |
| 1:25 | Queue | Villager (Male) |
| 2:04 | Queue | Villager (Male) |
| 2:18 | Queue | Villager (Male) |
| 2:45 | Queue | Villager (Male) |
| 3:06 | Queue | Villager (Male) |
| 3:09 | Build | House |
| 3:28 | Build | House |
| 3:45 | Queue | Villager (Male) |
| 4:02 | Queue | Villager (Male) |
| 4:06 | Build | Lumber Camp |
| 4:33 | Queue | Villager (Male) |
| 5:06 | Queue | Villager (Male) |
| 5:09 | Build | Mill |
| 5:35 | Queue | Villager (Male) |
| 5:48 | Queue | Villager (Male) |
| 6:23 | Queue | Villager (Male) |
| 6:34 | Build | House |
| 6:45 | Queue | Villager (Male) |
| 6:50 | Build | Mill |
| 7:01 | Queue | Villager (Male) |
| 7:10 | Build | Palisade Wall |
| 7:23 | Queue | Villager (Male) |
| 7:31 | Build | House |
| 7:40 | Research | Loom |
| 7:56 | Queue | Villager (Male) |
| 8:12 | Build | Palisade Wall |
| 8:18 | Build | Palisade Gate |
| 8:21 | Queue | Villager (Male) |
| 8:31 | Build | Palisade Wall |
| 8:50 | Build | House |
| 8:56 | Build | Palisade Wall |
| 9:09 | Build | House |
| 9:15 | Build | Palisade Wall |
| 9:16 | Research | Feudal Age |
| 9:28 | Build | House |
| 9:45 | Build | Barracks |
| 10:30 | Build | Palisade Wall |
| 10:37 | Build | Palisade Gate |
| 10:48 | Queue | Villager (Male) |
| 10:59 | Build | Mining Camp |
| 11:17 | Queue | Villager (Male) |
| 11:30 | Age | Feudal Age |
| 11:44 | Build | Archery Range |
| 11:49 | Research | Double-Bit Axe |
| 11:59 | Queue | Villager (Male) |
| 12:26 | Build | Lumber Camp |
| 12:32 | Queue | Archer |
| 12:35 | Queue | Archer |
| 12:53 | Queue | Villager (Male) |
| 13:18 | Build | Archery Range |
| 13:24 | Queue | Archer |
| 13:28 | Build | House |
| 13:43 | Queue | Villager (Male) |
| 13:51 | Queue | Villager (Male) |
| 13:54 | Queue | Archer |
| 14:02 | Build | Blacksmith |
| 14:10 | Build | House |
| 14:16 | Queue | Archer |
| 14:17 | Queue | Archer |
| 14:20 | Queue | Villager (Male) |
| 14:27 | Build | Farm |
| 14:33 | Queue | Villager (Male) |
| 14:36 | Research | Horse Collar |
| 14:38 | Queue | Archer |
| 14:50 | Queue | Archer |
| 14:55 | Queue | Villager (Male) |
| 15:02 | Build | House |
| 15:11 | Build | Farm |
| 15:12 | Queue | Archer |
| 15:16 | Build | Farm |
| 15:31 | Queue | Villager (Male) |
| 15:45 | Queue | Archer |
| 15:48 | Research | Padded Archer Armor |
| 15:55 | Queue | Archer |
| 16:07 | Queue | Villager (Male) |
| 16:15 | Build | Farm |
| 16:17 | Build | Farm |
| 16:18 | Build | Farm |
| 16:44 | Queue | Archer |
| 16:45 | Queue | Archer |
| 17:02 | Queue | Archer |
| 17:10 | Build | Farm |
| 17:12 | Build | Farm |
| 17:14 | Queue | Villager (Male) |
| 17:16 | Queue | Villager (Male) |
| 17:18 | Research | Fletching |
| 17:35 | Queue | Archer |
| 17:41 | Queue | Villager (Male) |
| 17:46 | Build | Farm |
| 17:47 | Build | Farm |
| 17:48 | Build | Farm |
| 17:50 | Build | Farm |
| 17:57 | Queue | Archer |
| 17:57 | Queue | Archer |
| 18:06 | Queue | Archer |
| 18:10 | Build | Farm |
| 18:11 | Queue | Villager (Male) |
| 18:17 | Research | Gold Mining |
| 18:24 | Build | Mining Camp |
| 19:00 | Queue | Archer |
| 19:00 | Queue | Archer |
| 19:14 | Queue | Archer |
| 19:16 | Queue | Skirmisher |
| 19:16 | Queue | Skirmisher |
| 19:40 | Queue | Spearman |
| 19:40 | Queue | Spearman |
| 19:45 | Queue | Skirmisher |
| 19:45 | Queue | Skirmisher |
| 19:51 | Queue | Villager (Male) |
| 19:55 | Queue | Villager (Male) |
| 20:10 | Build | Mining Camp |
| 20:14 | Queue | Skirmisher |
| 20:14 | Queue | Skirmisher |
| 20:17 | Queue | Spearman |
| 20:30 | Queue | Skirmisher |
| 20:31 | Queue | Skirmisher |
| 20:31 | Queue | Skirmisher |
| 20:51 | Build | Mining Camp |
| 21:11 | Queue | Villager (Male) |
| 21:13 | Queue | Villager (Male) |
| 21:35 | Build | Watch Tower |
| 21:40 | Queue | Skirmisher |
| 21:41 | Queue | Skirmisher |
| 21:59 | Queue | Skirmisher |
| 22:00 | Queue | Skirmisher |
| 22:07 | Queue | Spearman |
| 22:08 | Queue | Spearman |
| 22:23 | Queue | Spearman |
| 22:49 | Queue | Villager (Male) |
| 22:50 | Queue | Villager (Male) |
| 22:56 | Build | Mill |
| 22:57 | Build | Farm |
| 22:58 | Build | Farm |
| 23:00 | Queue | Villager (Male) |
| 24:00 | Build | Watch Tower |
| 24:05 | Queue | Villager (Male) |
| 24:06 | Queue | Villager (Male) |
| 24:09 | Build | Farm |
| 24:11 | Build | Farm |
| 25:10 | Queue | Skirmisher |
| 25:13 | Queue | Skirmisher |
| 25:14 | Queue | Skirmisher |
| 25:21 | Build | Gate |
Match timeline
| 4:31 | OaRMäR · wall_segment Palisade Wall x10 |
| 6:28 | OaRMäR · wall_segment Palisade Wall x10 |
| 6:42 | OaRMäR · wall_segment Palisade Wall x12 |
| 7:10 | qaz1227 · wall_segment Palisade Wall x6 |
| 7:32 | OaRMäR · wall_segment Palisade Wall x1 |
| 8:12 | qaz1227 · wall_segment Palisade Wall x1 |
| 8:23 | OaRMäR · wall_segment Palisade Wall x9 |
| 8:31 | qaz1227 · wall_segment Palisade Wall x6 |
| 8:38 | OaRMäR · first_building Barracks |
| 8:56 | qaz1227 · wall_segment Palisade Wall x9 |
| 9:15 | qaz1227 · wall_segment Palisade Wall x1 |
| 9:45 | qaz1227 · first_building Barracks |
| 10:08 | OaRMäR · age_up feudal |
| 10:14 | OaRMäR · first_building Stable |
| 10:30 | qaz1227 · wall_segment Palisade Wall x1 |
| 10:47 | OaRMäR · wall_segment Palisade Wall x4 |
| 10:48 | OaRMäR · wall_segment Palisade Wall x6 |
| 11:30 | qaz1227 · age_up feudal |
| 11:30 | OaRMäR · wall_segment Palisade Wall x1 |
| 11:44 | qaz1227 · first_building Archery Range |
| 12:35 | OaRMäR · first_building Archery Range |
| 12:42 | OaRMäR · wall_segment Palisade Wall x2 |
| 25:04 | OaRMäR · wall_segment Palisade Wall x1 |
| 25:46 | OaRMäR · first_market_buy 100 food |
| 25:50 | OaRMäR · first_market_sell 100 wood |
| 29:25 | OaRMäR · age_up castle |
| 30:37 | qaz1227 · age_up castle |
| 30:58 | qaz1227 · first_building Castle |
| 33:07 | OaRMäR · first_building Siege Workshop |
| 33:37 | OaRMäR · first_building Castle |
| 33:48 | OaRMäR · wall_segment Palisade Wall x1 |
| 38:08 | qaz1227 · first_building Stable |
| 42:09 | qaz1227 · first_building Siege Workshop |
| 44:36 | OaRMäR · first_building Monastery |
| 44:37 | qaz1227 · first_building Monastery |
| 50:34 | OaRMäR · age_up imperial |
| 58:23 | qaz1227 · age_up imperial |
| 66:44 | qaz1227 · resign |
[ AI ANALYSIS · 1 CREDIT ]
What really happened in this match?
Wolo.gg analyzes every decision: build order, eco, micro, common mistakes by bracket. Personalized analysis on WhatsApp or Discord in 30 seconds.
Civ guide
Turks
Perfil
Jugador #2106972